 Dungeon Crawl Stone Soup version 0.25-a0-424-g80bd347ae0 (webtiles) character file.

Game seed: 2231798471981828182, levelgen mode: deterministic

368 Alfie the Shooter (level 7, 0/52 HPs)
             Began as a Human Hunter on Jan 20, 2020.
             Killed from afar by Ijyb (7 damage)
             ... with a puff of flame
             ... on level 4 of the Dungeon.
             The game lasted 00:17:47 (2919 turns).

Alfie the Shooter (Human Hunter)                    Turns: 2919, Time: 00:17:47

Health: 0/52       AC:  5    Str: 15    XL:     7   Next: 1%
Magic:  7/7        EV: 12    Int: 11    God:
Gold:   316        SH:  0    Dex: 13    Spells: 6/6 levels left

rFire    . . .     SeeInvis .   b - +0 short sword
rCold    . . .     Gourm    +   (no shield)
rNeg     . . .     Faith    .   c - +0 leather armour
rPois    .         Spirit   .   (no helmet)
rElec    .         Reflect  .   k - +0 cloak
rCorr    .         Harm     .   l - +0 pair of gloves
MR       .....                  (no boots)
Stlth    ++........             m - amulet of the gourmand
HPRegen  0.17/turn              (no ring)
MPRegen  0.10/turn              (no ring)

@: no status effects
A: no striking features
a: no special abilities


You were on level 4 of the Dungeon.
You were not hungry.

You visited 1 branch of the dungeon, and saw 4 of its levels.
You also visited: Sewer.

You collected 316 gold pieces.

Inventory:

Hand Weapons
 a - a +1 shortbow
 b - a +0 short sword (weapon)
Armour
 c - a +0 leather armour (worn)
 k - a +0 cloak (worn)
 l - a +0 pair of gloves (worn)
Jewellery
 m - an amulet of the gourmand (around neck)
 s - a +2 ring of evasion {unknown}
Wands
 p - a wand of flame (9)
Scrolls
 h - 4 scrolls of remove curse
 r - 2 scrolls of teleportation
 u - a scroll of identify
Potions
 e - 2 potions of cancellation
 g - a potion of might {unknown}
 i - 2 potions of agility {unknown}
 j - a potion of resistance {unknown}
 n - 2 potions of heal wounds {unknown}
 q - 3 potions of mutation {unknown}
 t - a potion of ambrosia {unknown}
 v - a potion of magic {unknown}
Comestibles
 f - 6 rations


   Skills:
 + Level 3.4 Fighting
 + Level 0.1 Short Blades
 + Level 6.7 Bows
 + Level 1.0 Armour
 + Level 2.1 Dodging
 + Level 2.1 Stealth


You had 6 spell levels left.
You didn't know any spells.
Your spell library contained the following spells:

 Spells                   Type           Power        Failure   Level  Hunger
 Sting                    Tmut/Pois      #...         41%         1    ##.....
 Poisonous Vapours        Pois/Air       #.....       54%         2    ###....
 Ignite Poison            Fire/Tmut/Pois #.......     78%         3    ####...
 Mephitic Cloud           Conj/Pois/Air  #.......     78%         3    ####...
 Olgreb's Toxic Radiance  Pois           #.......     99%         4    #####..


Dungeon Overview and Level Annotations

Branches:
Dungeon (4/15)              Sewer (visited)
 Temple: D:4-7

Altars:
Hepliaklqana

Annotations:
D:4 Ijyb


Message History

You hit Ijyb.
Ijyb is severely wounded.
Ijyb screams, "I cut your head off!" Ijyb hits you.
* * * LOW HITPOINT WARNING * * *
You hit Ijyb.
Ijyb is severely wounded.
Ijyb closely misses you.
You feel better. Ijyb hits you but does no damage.
You barely miss Ijyb.
Ijyb is severely wounded.
Ijyb hits you but does no damage.
You hit Ijyb.
Ijyb is almost dead.
Ijyb hits you.
* * * LOW HITPOINT WARNING * * *
You hit Ijyb but do no damage.
Ijyb is almost dead.
Ijyb zaps a wand.
The puff of flame hits you!
You die...

#.............##
##............#
#..###.......#
#....#>......##
#........##...###
#..#...#####....##
#.###### ##.....
#.# #...... #@#
##.gg..g #g##
##.g###.. #(.##
##..## ###
#(..#####..## #
##.........# #
####.....## ##
###..## #. #### ##
#


You could see Ijyb.

Vanquished Creatures
  A crimson imp (D:3)
  A bullfrog skeleton (D:4)
  A worker ant (D:4)
  A hound skeleton (D:4)
  Robin (D:2)
  4 gnolls (D:4)
  6 adders
  3 river rats
  An ooze (D:3)
  5 worms
  3 dart slugs
  2 leopard geckos
  2 orcs
  7 bats
  7 giant cockroaches
  14 goblins
  17 hobgoblins
  5 jackals (D:1)
  A quokka (D:4)
  2 frilled lizards
  A jackal skeleton (D:4)
  14 kobolds
  A leopard gecko skeleton (D:4)
  13 rats
  2 fungi (D:3)
115 creatures vanquished.

Vanquished Creatures (others)
  5 toadstools (D:3)
5 creatures vanquished.

Grand Total: 120 creatures vanquished

Notes
Turn   | Place    | Note
-------+----------+-------------------------------------------
     0 | D:1      | Alfie the Human Hunter began the quest for the Orb.
     0 | D:1      | Reached XP level 1. HP: 16/16 MP: 1/1
    69 | D:1      | Reached XP level 2. HP: 22/22 MP: 2/2
   143 | D:1      | Reached XP level 3. HP: 26/28 MP: 3/3
   625 | D:2      | Found a hazy altar of Hepliaklqana.
   711 | D:2      | Reached XP level 4. HP: 27/34 MP: 4/4
   754 | D:2      | Reached skill level 5 in Bows
  1144 | D:2      | Noticed Robin
  1149 | D:2      | Killed Robin
  1154 | D:2      | Reached XP level 5. HP: 27/39 MP: 5/5
  1652 | D:3      | Reached skill level 6 in Bows
  1711 | D:3      | Reached XP level 6. HP: 45/47 MP: 6/6
  1788 | D:3      | Found a glowing drain.
  1792 | Sewer    | Entered a sewer
  2407 | D:4      | Reached skill level 1 in Armour
  2802 | D:4      | Reached XP level 7. HP: 52/52 MP: 7/7
  2857 | D:4      | Noticed Ijyb
  2919 | D:4      | Killed from afar by Ijyb

Levels and vault maps discovered:
D:1:      scummos_arrival_simple_crosswalls, layout_rooms, hex_tiny,
          minivault_26, minmay_misc_feat_columns
D:2:      layout_loops_ring, nicolae_overflow_crystal_walls, uniq_robin
D:3:      layout_rooms, gup_sewer_entry_spiral, minmay_gold_behind_fungi
D:4:      kennysheep_the_goblin_king, layout_layer_cave, first_ration

Skill      XL: |  1  2  3  4  5  6 |
---------------+-------------------+-----
Bows           | 5 6 |  6.7
Fighting       | 3 |  3.4
Armour         | 1 |  1.0
Stealth        | 2 |  2.1
Short Blades   | |  0.1
Dodging        | |  2.1

Action                   |  1- 3 |  4- 6 |  7- 9 || total
-------------------------+-------+-------+-------++-------
Melee: Short sword       |     7 |    45 |    11 ||    63
 Fire: Shortbow          |    76 |   251 |    21 ||   348
  Use: Scroll            |     2 |     7 |       ||     9
       Potion            |       |     2 |     2 ||     4
  Eat: Ration            |       |     2 |       ||     2
Armor: Leather armour    |    11 |    21 |     8 ||    40
Dodge: Dodged            |    32 |    59 |    12 ||   103

Table legend:
 A = Non-vault XP
 B = Vault XP
 C = Vault XP percentage of total XP
 D = Non-vault monster count
 E = Vault monster count
 F = Vault count percentage of total count
                 A         B        C        D         E       F
            +---------+---------+-------+---------+---------+-------
      Total |     388 |     138 |  26.2 |      77 |      36 |  31.9
            +---------+---------+-------+---------+---------+-------
        D:1 |      54 |       0 |   0.0 |      28 |       0 |   0.0
        D:2 |      68 |      37 |  35.2 |      20 |      12 |  37.5
        D:3 |     101 |      55 |  35.3 |      16 |       7 |  30.4
        D:4 |     165 |       6 |   3.5 |      13 |       3 |  18.8
      Sewer |       0 |      40 | 100.0 |       0 |      14 | 100.0
            +---------+---------+-------+---------+---------+-------
